AoeStats
← Crackhörnchen

Nomad

505283563Analyzed
4v4 RM · 25d ago on Sep 8, 2026· 67m 33s· 8 players
Game mode
Random Map
Map size
231×231
Population
200
Speed
Normal
Resources
Standard
Victory
Conquest
Starting age
Dark Age
Ending age
Imperial Age
RankedLock teamsTeams togetherTeam positionsShared explorationLock speedFull tech treeHidden civsTurbo modeCheats
Victory
Defeat
🇨🇳 Vietnamese · China
1233
+17
🇲🇽 Goths · Mexico
1228
+17
🇨🇳 Malay · China
1215
+18
🇭🇺 Mapuche · Hungary
1171
+19
🇨🇱 Sicilians · Chile
1273
-19
🇺🇸 Aztecs · United States
1266
-18
🇩🇪 Armenians · Germany
1252
-18
🇪🇸 Inca · Spain
1214
-16
Dracarys2306
5:33 Loom
13:29 Feudal Age
13:30 Man-at-Arms
15:12 Scale Mail Armor
23:29 Forging
30:14 Castle Age
32:51 Squires
32:46 Double-Bit Axe
32:53 Horse Collar
35:21 Long Swordsman
37:29 Pikeman
39:21 Chain Mail Armor
41:22 Wheelbarrow
46:01 Iron Casting
50:59 Imperial Age
51:08 Town Watch
51:08 Two-Handed Swordsman
52:22 Champion
53:56 Gold Mining
59:52 Blast Furnace
58:16 Halberdier
63:45 Perfusion
64:08 Conscription
65:44 Anarchy
65:05 Elite Huskarl
sherryspk
5:43 Loom
13:42 Feudal Age
17:40 Castle Age
16:28 Double-Bit Axe
16:47 Fletching
18:17 Padded Archer Armor
18:40 Bodkin Arrow
20:10 Horse Collar
30:31 Town Watch
31:22 Wheelbarrow
32:00 Heavy Plow
34:57 Hand Cart
34:45 Town Patrol
35:50 Bow Saw
35:58 Leather Archer Armor
36:47 Scale Barding Armor
38:10 Pikeman
38:56 Scale Mail Armor
39:07 Forging
42:15 Imperial Age
40:30 Crossbowman
41:16 Thumb Ring
41:19 Squires
41:37 Chain Mail Armor
41:57 Iron Casting
42:25 Halberdier
43:40 Plate Mail Armor
43:41 Gold Mining
43:42 Arbalester
46:12 Iron Casting
45:37 Bracer
46:43 Chemistry
46:03 Ballistics
45:38 Stone Mining
47:36 Ring Archer Armor
48:06 Elite Fire Lancer
49:45 Paper Money
51:19 Two-Man Saw
52:30 Ballistics
51:52 Treadmill Crane
52:27 Siege Engineers
56:20 Hoardings
57:07 Crop Rotation
57:15 Stone Shaft Mining
58:57 Arson
61:41 Coinage
61:21 Guilds
60:35 Elite Battle Elephant
65:14 Bloodlines
65:05 Husbandry
64:51 Treadmill Crane
65:31 Bombard Tower
65:50 Banking
65:43 Chain Barding Armor
66:46 Spies/Treason
2038413966
4:55 Loom
15:02 Feudal Age
18:18 Wheelbarrow
17:32 Double-Bit Axe
21:37 Gold Mining
25:49 Fletching
30:48 Castle Age
29:04 Stone Mining
30:37 Crossbowman
33:48 Bow Saw
34:46 Hand Cart
34:43 Town Watch
35:56 Gold Shaft Mining
35:05 Fishing Lines
36:12 Forging
35:58 Bodkin Arrow
46:28 Imperial Age
43:25 Pikeman
44:06 Squires
45:26 Stone Shaft Mining
48:24 Imperial Age
46:22 Thalassocracy
47:17 Medium Warships
47:09 Man-at-Arms
48:00 Forced Levy
48:21 Conscription
48:50 Iron Casting
48:20 Scale Barding Armor
48:01 Horse Collar
48:54 Long Swordsman
49:46 Two-Handed Swordsman
51:03 Capped Ram
58:35 Heavy Plow
scurhun
5:09 Loom
14:18 Feudal Age
15:06 Double-Bit Axe
19:32 Castle Age
17:48 Fletching
18:05 Gold Mining
20:11 Bodkin Arrow
21:41 Bow Saw
25:39 Horse Collar
27:44 Gold Shaft Mining
28:07 Wheelbarrow
27:55 Padded Archer Armor
28:19 Heavy Plow
32:56 Hand Cart
35:31 Ballistics
40:13 Imperial Age
38:40 Stone Mining
39:07 Scale Mail Armor
41:09 Stone Shaft Mining
40:41 Elite Bolas Rider
42:29 Chemistry
41:56 Leather Archer Armor
43:30 Butalmapu
44:06 Malon
45:15 Crop Rotation
48:30 Forging
48:08 Elite Skirmisher
50:11 Iron Casting
49:20 Elite Kona
51:30 Murder Holes
52:33 Conscription
53:29 Imperial Skirmisher
54:42 Ring Archer Armor
53:56 Treadmill Crane
55:46 Town Watch
56:22 Champi Runner
56:47 Arson
58:07 Blast Furnace
58:50 Champi Warrior
59:48 Chain Mail Armor
59:39 Elite Champi Warrior
60:35 Masonry
60:59 Plate Mail Armor
68:37 Architecture
I ONLY MAKE TRADE CARTS
7:33 Loom
13:20 Feudal Age
17:23 Double-Bit Axe
21:03 Fletching
27:45 Castle Age
34:46 Fishing Lines
38:38 Wheelbarrow
37:48 Town Watch
43:58 Imperial Age
43:17 Elite Skirmisher
43:53 Bodkin Arrow
43:59 Padded Archer Armor
44:59 Bracer
48:32 Leather Archer Armor
50:50 Gold Mining
50:51 Stone Mining
51:41 Ballistics
52:21 Chemistry
51:39 Atlatl
51:59 Conscription
51:52 Pikeman
52:18 Gambesons
52:33 Squires
52:18 Arson
52:34 Scale Mail Armor
52:45 Forging
53:13 Garland Wars
54:30 Chain Mail Armor
54:51 Iron Casting
M.Gallego
4:11 Loom
17:24 Feudal Age
18:34 Fletching
28:20 Padded Archer Armor
34:12 Castle Age
34:24 Crossbowman
51:58 Thumb Ring
56:16 Imperial Age
Crackhörnchen
10:15 Loom
16:25 Feudal Age
16:52 Double-Bit Axe
16:51 Horse Collar
16:34 Man-at-Arms
17:17 Long Swordsman
18:59 Forging
21:10 Scale Mail Armor
26:02 Fletching
29:18 Castle Age
27:37 Padded Archer Armor
29:38 Two-Handed Swordsman
29:44 Elite Skirmisher
31:18 Arson
32:21 Iron Casting
42:00 Ballistics
42:28 Wheelbarrow
48:17 Medium Warships
51:12 Imperial Age
50:32 Bodkin Arrow
51:39 Leather Archer Armor
52:26 Pikeman
53:12 Halberdier
65:19 Crossbowman
bastianbps
11:29 Loom
13:39 Feudal Age
17:40 Castle Age
17:33 Double-Bit Axe
17:29 Fishing Lines
19:33 Bow Saw
22:28 Gillnets
25:24 Scale Barding Armor
27:03 Fletching
28:21 Chain Barding Armor
30:04 Bloodlines
29:55 Husbandry
30:56 Horse Collar
37:19 Imperial Age
35:58 Wheelbarrow
35:08 Town Watch
36:44 Forging
38:05 Hauberk
38:39 Plate Barding Armor
37:39 Cavalier
38:42 Conscription
39:24 Scale Mail Armor
41:01 Chain Mail Armor
43:06 Plate Mail Armor
43:24 Elite Serjeant
43:25 Pikeman
45:39 Squires
45:24 Arson
45:45 Bodkin Arrow
46:26 Iron Casting
46:36 Ballistics
47:16 Chemistry
46:02 Arrowslits
47:09 Bracer
49:30 Blast Furnace
48:45 Masonry
48:00 Capped Ram
53:03 Hand Cart
56:23 Gold Mining
56:34 Heavy Plow
56:27 Stone Mining
Connection lost

Rejoining the realm…

Still unreachable

The connection could not be restored.

Session expired

The server has moved on; the page needs a fresh start.